 Dungeon Crawl Stone Soup version 0.16-a0-2038-g968ce0a (webtiles) character file.

301 thegroundistoosoft the Insei (level 6, -2/47 HPs)
             Began as a Mummy Monk on Nov 11, 2014.
             Slain by a centaur (8 damage)
             ... on level 3 of the Dungeon.
             The game lasted 00:21:24 (8080 turns).

thegroundistoosoft the Insei (Mummy Monk)           Turns: 8080, Time: 00:21:24

Health: -2/47      AC:  1    Str: 14    XL:     6   Next: 14%
Magic:  6/6        EV: 13    Int:  9    God:
Gold:   162        SH:  0    Dex: 16    Spells: 0 memorised, 5 levels left

rFire  x . .     SeeInvis .       - Unarmed
rCold  + . .     Clarity  .     (no armour)
rNeg   + + +     SustAb   .     (no shield)
rPois  +         Gourm    .     (no helmet)
rElec  .         Spirit   .     (no cloak)
rCorr  .         Warding  .     (no gloves)
rMut   .         Stasis   .     e - +0 pair of boots
MR     .....                    a - amulet of faith {!P}
Stlth  +.........               (no ring)
                                h - ring of loudness (curse)

@: not resistant to hostile enchantments, very unstealthy
A: no food or potions, fire vulnerability, restore body, cold resistance 1,
negative energy resistance 3, poison resistance, torment resistance, unbreathing
a: no special abilities


You were on level 3 of the Dungeon.
You were not hungry.

You visited 1 branch of the dungeon, and saw 4 of its levels.

You collected 162 gold pieces.


Innate Abilities, Weirdness & Mutations

You do not eat or drink.
Your flesh is vulnerable to fire.
Your flesh is cold resistant.
You are immune to negative energy.
Your system is resistant to poisons.
You are immune to unholy pain and torment.
You can survive without breathing.


   Skills:
 - Level 3.0 Fighting
 + Level 2.5 Dodging
 - Level 1.5 Stealth
 - Level 6.1 Unarmed Combat


You had 5 spell levels left.
You didn't know any spells.

Inventory:

Armour
 e - a +0 pair of boots (worn)
Jewellery
 a - an amulet of faith (around neck) {!P}
 h - a cursed ring of loudness (left hand)
Scrolls
 c - a scroll of blinking
 d - a scroll of noise {!r}
 f - a scroll of random uselessness
 g - a scroll of magic mapping
 i - a scroll of remove curse {unknown}
Comestibles
 b - 9 fruits (quivered)

Dungeon Overview and Level Annotations

Branches:
Dungeon (4/15)
 Temple: D:4-7

Altars:
Fedhas
Gozag
Sif Muna
Trog

Annotations:
D:3 3 exclusions, Sigmund

# #.............#####.#
###...###..##########.#
......# #../).......#.#
#####[###..########.#.#
#####...(..########.#.#
.......).....)...##.#######
#..##.##.#.#####.####≈≈≈≈≈##
...##.##.#.# #c# #≈≈≈≈≈≈≈#
##.##.##.#.#####@###≈≈...≈≈#
##.##.##.#......†..#≈≈._.≈≈#
##.##.##.#######[###≈≈...≈≈#
##.##.##.# ##.###≈≈≈.≈≈≈#
#...#.##.# #....##≈≈.≈≈##
..#......# #.....###'###
#...###### #..#### #.# ##.##
#.## #.# #..# #.# #.#


You could see a centaur.


Message History

You see here a leather armour.
You hit the centaur but do no damage. The centaur hits you.
* * * LOW HITPOINT WARNING * * *
You barely miss the centaur. The centaur hits you.
* * * LOW HITPOINT WARNING * * *
Read which item? (? for menu, Esc to quit)
Okay, then.
You punch the centaur!
The centaur is heavily wounded.
The centaur hits you!
* * * LOW HITPOINT WARNING * * *
The centaur misses you.
Read which item? (? for menu, Esc to quit)
Okay, then.
Read which item? (? for menu, Esc to quit)
Okay, then.
Unknown command.
Here: a centaur (heavily wounded)
The floor.
Unknown command.
Enter note: maybe its fear Read which item? (? for menu, Esc to quit)
Okay, then.
Unknown command.
Enter note: but to choose between the scroll
Enter note: and the fist You hit the centaur.
The centaur is heavily wounded.
The centaur hits you!
You die...

Action                   |  1- 3 |  4- 6 || total
-------------------------+-------+-------++-------
Melee: Unarmed           |   131 |   219 ||   350
  Use: Scroll            |       |     5 ||     5
 Stab: Sleeping          |     3 |     2 ||     5
       Distracted        |     1 |       ||     1

Vault maps used:
D:1:      dpeg_arrival_rhombus
D:2:      lemuel_crystal_altar, nicolae_gozag_seed_capital, first_bread,
          kennysheep_generic_room_11, uniq_jessica, uniq_terence
D:3:      led_sif_pool, minmay_bisected, uniq_sigmund
D:4:      lemuel_round_altar, serial_shops, nicolae_shop_waterfront,
          fedhas_bush_and_centaur_altar, uniq_natasha

Notes
Turn   | Place    | Note
--------------------------------------------------------------
     0 | D:1      | thegroundistoosoft, the Mummy Monk, began the quest for the Orb.
     0 | D:1      | Reached XP level 1. HP: 18/18 MP: 1/1
    88 | D:1      | thegroundistoosoft: I'm going to wear this
    88 | D:1      | thegroundistoosoft: because it's cute
  1002 | D:1      | Reached XP level 2. HP: 24/24 MP: 2/2
  1530 | D:2      | Reached skill level 4 in Unarmed Combat
  1545 | D:2      | Found an opulent altar of Gozag.
  1969 | D:2      | Reached XP level 3. HP: 16/29 MP: 3/3
  2366 | D:2      | Found a bloodstained altar of Trog.
  2366 | D:2      | Noticed Jessica
  2408 | D:2      | Killed Jessica
  2634 | D:2      | I know if was a gameplay improvement but I liked having non-glowing boots be enchanted
  2809 | D:2      | Reached XP level 4. HP: 35/35 MP: 4/4
  3134 | D:3      | Noticed Sigmund
  3420 | D:2      | Noticed Terence
  3484 | D:2      | Killed Terence
  3484 | D:2      | Reached skill level 5 in Unarmed Combat
  3869 | D:3      | Noticed B1inky's ghost (average OpEn)
  4515 | D:3      | Killed B1inky's ghost
  4515 | D:3      | Reached XP level 5. HP: 28/41 MP: 5/5
  4516 | D:3      | thanks!
  6061 | D:3      | Found a deep blue altar of Sif Muna.
  6335 | D:4      | Found a blossoming altar of Fedhas.
  6335 | D:4      | Noticed a centaur
  6336 | D:4      | wow
  6534 | D:3      | Reached skill level 6 in Unarmed Combat
  6712 | D:3      | Reached XP level 6. HP: 22/47 MP: 6/6
  7218 | D:4      | HP: 3/47 [centaur/arrow (11)]
  7220 | D:3      | careful
  7511 | D:3      | Artagel: the dota stole focus
  7511 | D:3      | Artagel: as it often does
  7552 | D:3      | thegroundistoosoft: https://i.4cdn.org/vg/1415666442732.png
  7552 | D:3      | thegroundistoosoft: here
  8080 | D:3      | maybe its fear
  8080 | D:3      | but to choose between the scroll
  8080 | D:3      | and the fist
  8080 | D:3      | Slain by a centaur

Vanquished Creatures
  The ghost of B1inky the Vexing, an average OpEn (D:3)
  2 orc wizards (D:3)
  Jessica (D:2)
  Terence (D:2)
  2 adders
  A giant mite (D:3)
  4 worms
  2 oozes
  8 orcs
  6 bats
  3 giant cockroaches
  13 goblins
  14 hobgoblins
  6 jackals
  A quokka (D:3)
  3 ball pythons
  A giant gecko (D:2)
  3 giant newts
  11 kobolds
  6 rats
89 creatures vanquished.
